AoeStats
← MAXIMO MERIDIO

Nomad

509481492Analyzed
4v4 RM · 6d ago on Sep 26, 2026· 47m 46s· 8 players
Game mode
Random Map
Map size
231×231
Population
200
Speed
Normal
Resources
Standard
Victory
Conquest
Starting age
Dark Age
Ending age
Imperial Age
RankedLock teamsTeams togetherTeam positionsShared explorationLock speedFull tech treeHidden civsTurbo modeCheats
Victory
Defeat
🇬🇧 Inca · United Kingdom
1668
+9
🇺🇸 Sicilians · United States
1619
+11
🇨🇦 Dravidians · Canada
1590
+12
🇺🇸 Khmer · United States
1524
+15
🇨🇴 Magyars · Colombia
1583
-15
🇲🇽 Poles · Mexico
1502
-12
🇨🇱 Slavs · Chile
1456
-10
🇲🇽 Celts · Mexico
1456
-10
edengr7
5:03 Loom
14:18 Feudal Age
17:59 Castle Age
15:47 Fishing Lines
20:58 Horse Collar
22:54 Heavy Plow
25:10 Gold Mining
25:06 Double-Bit Axe
25:27 Loom
30:49 Wheelbarrow
34:46 Imperial Age
33:32 Hand Cart
37:01 Forging
38:20 Iron Casting
37:09 Elite Obuch
38:53 Crop Rotation
38:36 Scale Mail Armor
38:28 Fletching
40:05 Blast Furnace
40:27 Chain Mail Armor
40:30 Squires
40:57 Bodkin Arrow
41:03 Padded Archer Armor
40:55 Crossbowman
42:13 Thumb Ring
42:49 Plate Mail Armor
42:20 Bracer
42:39 Arbalester
MAXIMO MERIDIO
4:22 Loom
13:06 Feudal Age
17:20 Castle Age
16:09 Double-Bit Axe
16:06 Horse Collar
18:29 Bow Saw
19:35 Heavy Plow
24:27 Wheelbarrow
24:57 Stone Mining
25:38 Gold Mining
26:25 Stone Shaft Mining
26:35 Hand Cart
27:34 Gold Shaft Mining
30:52 Imperial Age
28:46 Scale Mail Armor
29:12 Scale Barding Armor
29:20 Forging
29:45 Chain Mail Armor
31:31 Iron Casting
32:18 Plate Mail Armor
32:10 Conscription
32:04 Elite Woad Raider
34:20 Blast Furnace
37:14 Onager
39:32 Furor Celtica
40:10 Furor Celtica
hK | Santo
4:47 Loom
12:43 Feudal Age
16:50 Castle Age
16:26 Double-Bit Axe
19:42 Scale Barding Armor
24:31 Bloodlines
24:44 Horse Collar
28:08 Sanctity
28:35 Sanctity
30:05 Fervor
32:37 Stone Mining
32:39 Light Cavalry
35:22 Wheelbarrow
37:19 Hand Cart
37:29 Devotion
38:26 Heavy Plow
39:19 Bow Saw
40:28 Gold Mining
40:54 Husbandry
43:42 Gold Shaft Mining
46:11 Imperial Age
Kerjo
4:48 Loom
14:36 Feudal Age
15:06 Double-Bit Axe
23:28 Castle Age
22:48 Horse Collar
27:23 Pikeman
30:14 Town Watch
34:09 Wheelbarrow
33:55 Forging
33:46 Scale Mail Armor
33:51 Squires
34:09 Detinets
34:57 Bow Saw
35:00 Fletching
39:14 Iron Casting
38:55 Chain Mail Armor
39:28 Heavy Plow
40:43 Scale Barding Armor
42:53 Chain Barding Armor
43:07 Husbandry
43:18 Bloodlines
49:53 Imperial Age
Jaxto
5:21 Loom
13:24 Feudal Age
17:25 Forging
21:18 Castle Age
19:43 Double-Bit Axe
22:01 Scale Mail Armor
21:46 Fishing Lines
22:22 Medium Warships
25:00 Bow Saw
27:26 Wheelbarrow
27:08 Fishing Lines
28:50 Town Watch
30:26 Chain Mail Armor
30:13 Squires
32:32 Iron Casting
36:18 Imperial Age
37:18 First Crusade
36:24 Elite Serjeant
38:10 Conscription
39:19 Horse Collar
39:51 Arson
40:35 First Crusade
41:49 Heavy Warships
41:28 Caravan
41:24 Gold Mining
41:24 Stone Mining
41:53 Fletching
43:20 Chemistry
42:41 Ballistics
43:33 Heavy Plow
45:12 Blast Furnace
44:09 Pikeman
44:25 Light Cavalry
45:15 Bloodlines
45:23 Scale Barding Armor
45:42 Husbandry
48:21 Chain Barding Armor
Benitto Burrito
4:15 Loom
5:23 Loom
14:49 Feudal Age
15:38 Fishing Lines
15:47 Double-Bit Axe
18:33 Castle Age
22:07 Bow Saw
23:10 Caravan
25:44 Wheelbarrow
24:55 Town Watch
25:12 Gold Mining
27:37 Clinker Construction
30:17 Imperial Age
29:08 Fletching
29:18 Padded Archer Armor
31:41 Thumb Ring
30:57 Elite Elephant Archer
32:21 Conscription
32:34 Bodkin Arrow
32:57 Leather Archer Armor
32:38 Gillnets
33:25 Carvel Hull
34:00 Ballistics
34:41 Chemistry
34:07 Bracer
34:11 Husbandry
35:40 Medical Corps
36:12 Fortified Wall
36:16 Siege Elephant
38:58 Scale Barding Armor
39:33 Ring Archer Armor
Thundernips, The Ultimate Gigolo
12:53 Feudal Age
13:50 Loom
14:38 Town Watch
14:45 Fishing Lines
17:50 Castle Age
16:22 Double-Bit Axe
19:06 Forging
19:15 Bow Saw
20:13 Wheelbarrow
20:04 Gold Mining
23:21 Iron Casting
23:23 Fletching
24:33 Husbandry
24:44 Bloodlines
25:23 Gold Shaft Mining
25:29 Scale Barding Armor
26:36 Sanctity
27:16 Chain Barding Armor
27:57 Fervor
27:50 Devotion
29:55 Redemption
30:19 Bodkin Arrow
30:14 Horse Collar
32:30 Stone Mining
32:44 Heavy Plow
39:50 Imperial Age
38:25 Gillnets
40:58 Illumination
41:08 Theocracy
43:06 Caravan
45:12 Plate Barding Armor
45:42 Blast Furnace
46:20 Clinker Construction
46:34 Ballistics
47:48 Bracer
Fallout
6:53 Loom
14:10 Feudal Age
15:10 Double-Bit Axe
17:40 Forging
19:33 Castle Age
20:01 Town Watch
20:39 Horse Collar
23:25 Gold Mining
23:28 Stone Mining
28:26 Heavy Plow
28:20 Gold Mining
29:59 Wheelbarrow
30:48 Scale Mail Armor
30:43 Fletching
34:54 Imperial Age
33:35 Iron Casting
35:11 Capped Ram
35:55 Squires
35:40 Arson
37:01 Blast Furnace
36:17 Chain Mail Armor
37:54 Conscription
37:44 Siege Ram
42:08 Bow Saw
41:37 Elite Kamayuk
45:18 Crop Rotation
45:23 Gold Shaft Mining
45:12 Champi Runner
45:54 Caravan
45:56 Padded Archer Armor
45:51 Bodkin Arrow
46:28 Plate Mail Armor
46:09 Masonry
45:41 Treadmill Crane
45:56 Murder Holes
46:12 Fortified Wall
45:53 Heated Shot
46:40 Theocracy
46:26 Sanctity
46:07 Devotion
46:33 Illumination
46:23 Block Printing
46:33 Illumination
46:46 Stone Shaft Mining
46:33 Hand Cart
47:00 Champi Warrior
47:00 Pikeman
48:15 Coinage
48:09 Ballistics
48:49 Chemistry
Connection lost

Rejoining the realm…

Still unreachable

The connection could not be restored.

Session expired

The server has moved on; the page needs a fresh start.